 Dungeon Crawl Stone Soup version 0.30-a0-358-g0d69a1922f (webtiles) character file.

Game seed: 3762939476743466288

5100 LnG the Covert (level 10, 0/56 HPs)
             Began as a Kobold Summoner on Nov 8, 2022.
             Was a Believer of Dithmenos.
             Succumbed to Sonja's poison
             ... in a bailey on Nov 9, 2022.
             The game lasted 00:28:39 (9383 turns).

LnG the Covert (Kobold Summoner)                    Turns: 9383, Time: 00:28:39

Health: 0/56       AC:  7    Str:  5    XL:     10   Next: 87%
Magic:  19/19      EV: 19    Int: 21    God:    Dithmenos [**....]
Gold:   456        SH:  0    Dex: 16    Spells: 8/21 levels left

rFire   + . .      SeeInvis .    f - +4 dagger (drain)
rCold   x . .      Faith    .    (no shield)
rNeg    . . .      Spirit   .    a - +0 robe
rPois   .          Reflect  .    I - +0 helmet of the Frog {rCorr}
rElec   .          Harm     .    j - +0 cloak
rCorr   +          Rampage  .    (no gloves)
Will    +....                    t - +0 pair of boots
Stlth   ++++++++..               i - amulet of regeneration
HPRegen 1.09/turn                (no ring)
MPRegen 0.16/turn                (no ring)

@: lethally poisoned (0 -> -22), wreathed by umbra
A: small, no large weapons, nightstalker 3, iridescent scales 1, fire resistance
1, strong-willed 1, cold vulnerability 1
a: Renounce Religion, Shadow Step


You were in a bailey.
You worshipped Dithmenos.
Dithmenos was pleased with you.
You visited 2 branches of the dungeon, and saw 11 of its levels.
You also visited: Bailey.

You collected 456 gold pieces.

Inventory:

Hand Weapons
 f - a +4 dagger of draining (weapon)
Missiles
 w - 2 throwing nets
Armour
 a - a +0 robe (worn)
 j - a +0 cloak (worn)
 t - a +0 pair of boots (worn)
 I - the +0 helmet of the Frog (worn) {rCorr}
   (You found it on level 7 of the Dungeon)

   rCorr:     It protects you from acid and corrosion.
Jewellery
 i - an amulet of regeneration (around neck)
 l - a ring of ice
Wands
 r - a wand of acid (7)
 u - a wand of flame (9)
 E - a wand of polymorph (19)
Scrolls
 d - a scroll of noise
 m - a scroll of brand weapon
 n - 2 scrolls of butterflies
 p - 3 scrolls of poison {unknown}
 q - 2 scrolls of teleportation
 s - a scroll of summoning {unknown}
 v - 2 scrolls of fear {unknown}
 x - a scroll of immolation {unknown}
 y - a scroll of vulnerability {unknown}
 z - a scroll of torment {unknown}
 B - 3 scrolls of silence {unknown}
 F - 2 scrolls of magic mapping {unknown}
 G - a scroll of amnesia {unknown}
Potions
 b - 3 potions of magic
 c - 7 potions of brilliance
 e - a potion of ambrosia
 g - 2 potions of mutation
 h - 2 potions of resistance {unknown}
 k - 4 potions of flight
 o - a potion of heal wounds {unknown}
 A - 4 potions of berserk rage
 C - 2 potions of cancellation {unknown}
 D - 2 potions of lignification
 H - 3 potions of degeneration {unknown}
 J - a potion of haste {unknown}


   Skills:
 + Level 3.6 Fighting
 + Level 6.9 Short Blades
 * Level 9.0 Dodging
 * Level 12.7 Stealth
 + Level 6.1 Spellcasting
 + Level 6.7 Summonings
 + Level 0.7 Air Magic


You had 8 spell levels left.
You knew the following spells:

 Your Spells              Type           Power      Damage    Failure   Level
a - Summon Small Mammal   Summ           100%       N/A       1%          1
b - Call Imp              Summ           34%        N/A       1%          2
c - Call Canine Familiar  Summ           34%        N/A       1%          3
d - Summon Guardian Gole  Hex/Summ       20%        N/A       8%          3
e - Summon Lightning Spi  Summ/Air       22%        N/A       21%         4

Your spell library contained the following spells:

 Spells                   Type           Power      Damage    Failure   Level
 Sandblast                Erth           12%        2d6       10%         1
 Blink                    Tloc           12%        N/A       14%         2
 Ensorcelled Hibernation  Hex/Ice        12%        N/A       14%         2
 Momentum Strike          Conj/Tloc      12%        3d8       14%         2
 Passwall                 Tmut/Erth      5%         N/A       14%         2
 Lesser Beckoning         Tloc           12%        N/A       28%         3
 Spider Form              Tmut/Pois      6%         N/A       28%         3
 Stone Arrow              Conj/Erth      12%        3d7       28%         3
 Anguish                  Hex/Necr       3%         N/A       67%         4


Dungeon Overview and Level Annotations

Branches:
Dungeon (10/15)            Temple (1/1) D:6          Bailey (1/1)
   Lair: D:8-11         Orc: D:9-12

Altars:
Cheibriados
Dithmenos
Elyvilon
Fedhas
Gozag
Hepliaklqana
Kikubaaqudgha
Makhleb
Nemelex Xobeh
Okawaru
Qazlal
Ru
Sif Muna
Trog
Uskayaw
Vehumet
Xom
Yredelemnul
Zin
The Shining One

Shops:
D:5 :

Annotations:
D:2 1 runed translucent door, Crazy Yiuf
D:4 Pikel
D:7 2 transporters
D:10 Sonja


Innate Abilities, Weirdness & Mutations

You are small and have problems with some larger weapons.
You are completely attuned to the shadows.
You are partially covered in iridescent scales. (AC +2)
Your flesh is heat resistant. (rF+)
You are strong-willed. (Will+)
You are vulnerable to cold. (rC-)


Message History

Sonja hits you with a +0 dagger of venom.
You hit the wyvern.
You kill the wyvern!
Dithmenos accepts your kill. The goblin misses you.
The goblin hits you with a +0 spear. The goblin barely misses you.
Sonja hits you with a +0 dagger of venom.
You are poisoned.
Sonja hits you with a +0 dagger of venom.
You are more poisoned.
Sonja hits you but does no damage.
You are more poisoned.
Your Dodging skill increases to level 9!
Sonja attacks as you move away! Sonja closely misses you. x2
Sonja hits you with a +0 dagger of venom.
You feel extremely sick. The goblin closely misses you. The goblin misses you.
The goblin completely misses you. The goblin hits you with a +0 spear.
The goblin misses you. The goblin closely misses you.
Things that are here:
a +0 spear; a wyvern corpse; a goblin corpse You feel very sick.
Sonja hits you with a +0 dagger of venom.
Sonja hits you but does no damage.
You are more poisoned.
Sonja barely misses you. The goblin barely misses you.
The goblin hits you with a +0 spear.
* * * LOW HITPOINT WARNING * * *
The goblin closely misses you.
There is a flagged portal here.
* * * LOW HITPOINT WARNING * * *
You feel very sick.
Sonja hits you with a +0 dagger of venom.
* * * LOW HITPOINT WARNING * * *
You are more poisoned.
Sonja barely misses you. x2; The goblin closely misses you.
The goblin completely misses you. The goblin misses you.
The world spins around you as you enter the gateway.
You enter a bailey!
You die... ### #@# +##

There were no monsters in sight!

Vanquished Creatures
  A centaur warrior (D:8)
  A hornet (D:6)
  A nameless horror (D:9)
  A dream sheep (D:8)
  3 wyverns
  3 yaks (D:9)
  A steam dragon (D:8)
  2 orc warriors
  2 water moccasins
  A black bear (D:8)
  3 centaurs
  2 lemures (D:4)
  3 kobold brigands (D:9)
  A necrophage (D:5)
  2 bullfrogs
  A scorpion (D:6)
  4 wights
  3 howler monkeys
  A hound (D:7)
  2 orc priests
  2 jellies (D:4)
  A gnoll bouda (D:7)
  5 iguanas
  5 orc wizards
  9 adders
  A gnoll (D:7)
  A shadow imp (D:6)
  A white imp (D:7)
  An ufetubus (D:5)
  A worm (D:5)
  3 dart slugs
  20 orcs
  9 endoplasms
  4 giant cockroaches
  6 goblins
  6 hobgoblins
  10 jackals (D:2)
  A quokka (D:3)
  4 ball pythons
  3 bats
  2 frilled lizards (D:3)
  22 kobolds
  5 rats
160 creatures vanquished.

Vanquished Creatures (collateral kills)
  Sigmund (D:2)
  2 yaks (D:9)
  A kobold brigand (D:9)
  A bullfrog (D:6)
  A necrophage (D:6)
  4 wights
  A jelly (D:6)
  An orc priest (D:8)
  2 orc wizards
  2 gnolls (D:7)
  An adder (D:2)
  A white imp (D:4)
  A dart slug (D:1)
  8 orcs
  3 endoplasms
  A giant cockroach (D:1)
  2 goblins (D:1)
  2 hobgoblins (D:1)
  8 kobolds (D:9)
  A quokka (D:1)
  A bat (D:1)
  2 rats (D:1)
47 creatures vanquished.

Vanquished Creatures (others)
  4 demonic plants (D:2)
  8 fungi (D:2)
  5 plants (D:2)
  5 withered plants (D:2)
22 creatures vanquished.

Grand Total: 229 creatures vanquished

Notes
Turn   | Place    | Note
-------+----------+-------------------------------------------
     0 | D:1      | LnG the Kobold Summoner began the quest for the Orb.
     0 | D:1      | Reached XP level 1. HP: 10/10 MP: 3/3
   192 | D:1      | Reached XP level 2. HP: 4/15 MP: 1/5
   254 | D:1      | Learned a level 2 spell: Call Imp
   637 | D:1      | Reached skill level 3 in Stealth
   950 | D:2      | Reached XP level 3. HP: 19/19 MP: 6/6
   954 | D:2      | Learned a level 3 spell: Call Canine Familiar
  1015 | D:2      | Noticed Sigmund
  1039 | D:2      | Killed Sigmund
  1040 | D:2      | Reached skill level 1 in Short Blades
  1040 | D:2      | Reached skill level 4 in Stealth
  1040 | D:2      | Reached XP level 4. HP: 17/24 MP: 2/8
  1040 | D:2      | Reached XP level 5. HP: 19/28 MP: 2/9
  1194 | D:2      | Reached XP level 6. HP: 33/33 MP: 10/10
  1198 | D:2      | Learned a level 3 spell: Summon Guardian Golem
  1878 | D:2      | Found a faded altar of an unknown god.
  2033 | D:2      | Found a runed translucent door.
  2036 | D:2      | Noticed Crazy Yiuf
  2622 | D:3      | Reached skill level 5 in Stealth
  2994 | D:4      | Identified the +0 ring mail "Dair" {Rampage Slay+5}
  3105 | D:4      | Reached skill level 5 in Summonings
  3482 | D:4      | Reached skill level 1 in Fighting
  4076 | D:5      | Entered Level 5 of the Dungeon
  4076 | D:5      | Found Ipupnes's Book Shop.
  4222 | D:5      | Reached XP level 7. HP: 38/38 MP: 11/11
  4255 | D:5      | Reached skill level 6 in Stealth
  4574 | D:5      | Found a snail-covered altar of Cheibriados.
  4643 | D:5      | Noticed Pikel
  4961 | D:4      | You fall into a shaft and drop 1 floor!
  5022 | D:5      | Reached skill level 7 in Stealth
  5233 | D:6      | Reached XP level 8. HP: 43/43 MP: 13/13
  5240 | D:6      | Learned a level 4 spell: Summon Lightning Spire
  5277 | D:6      | Reached skill level 8 in Stealth
  5428 | D:6      | Reached skill level 9 in Stealth
  5490 | D:6      | Reached skill level 5 in Dodging
  5545 | D:6      | Found a hide-covered altar of Uskayaw.
  5547 | D:6      | Noticed a +0 falchion
  5548 | D:6      | Noticed a +0 dagger
  5550 | D:6      | Noticed a +0 dagger
  5560 | D:6      | Noticed a +0 short sword
  5560 | D:6      | Noticed a +0 falchion
  5561 | D:6      | Noticed a +0 short sword
  5561 | D:6      | Noticed a +0 spear
  5561 | D:6      | Noticed a +0 spear
  5674 | D:6      | Found a staircase to the Ecumenical Temple.
  5685 | Temple   | Entered the Ecumenical Temple
  5984 | Temple   | Became a worshipper of Dithmenos the Shadowed
  6148 | D:6      | Noticed a hornet
  6152 | D:6      | Killed a hornet
  6321 | D:6      | Reached skill level 10 in Stealth
  6321 | D:6      | Reached XP level 9. HP: 46/48 MP: 15/15
  6419 | D:7      | Found an opulent altar of Gozag.
  6588 | D:7      | Identified the +0 helmet of the Frog {rCorr}
  6748 | D:7      | Found a stormy altar of Qazlal.
  6816 | D:7      | Found a transporter.
  6930 | D:7      | Found a transporter.
  7046 | D:8      | Reached skill level 5 in Short Blades
  7054 | D:8      | Noticed a centaur warrior
  7064 | D:8      | HP: 2/73 [centaur warrior (4)]
  7065 | D:8      | Killed a centaur warrior
  7066 | D:8      | Reached skill level 11 in Stealth
  7396 | D:8      | Reached XP level 10. HP: 56/56 MP: 17/17
  7425 | D:8      | Reached skill level 5 in Spellcasting
  7433 | D:8      | Reached * piety under Dithmenos
  7498 | D:8      | Gained mutation: You are strong-willed. (Will+) [potion of
                  | mutation]
  7498 | D:8      | Gained mutation: You are partially covered in iridescent
                  | scales. (AC +2) [potion of mutation]
  7498 | D:8      | Gained mutation: You are vulnerable to cold. (rC-) [potion
                  | of mutation]
  7498 | D:8      | Gained mutation: Your flesh is heat resistant. (rF+)
                  | [potion of mutation]
  7500 | D:8      | HP: 1/56 [something (9)]
  7896 | D:8      | Found a basalt altar of Yredelemnul.
  8090 | D:8      | Found a blossoming altar of Fedhas.
  8389 | D:9      | Reached skill level 12 in Stealth
  8419 | D:9      | Noticed a nameless horror
  8430 | D:9      | Killed a nameless horror
  8729 | D:9      | Reached ** piety under Dithmenos
  9353 | D:10     | Entered Level 10 of the Dungeon
  9353 | D:10     | Found a flagged portal.
  9370 | D:10     | Noticed Sonja
  9383 | Bailey   | Entered a bailey
  9383 | Bailey   | Succumbed to Sonja's poison

Illustrated notes

Levels and vault maps discovered:
D:1:      saegor_arrival_under_anarchy, layout_loops_ring
D:2:      layout_loops_ring, shapermc_ecumenical_altar_gd, uniq_sigmund,
          uniq_crazy_yiuf_cottage
D:3:      layout_loops_ring
D:4:      layout_loops_corners, st_stairs_12, minivault_23,
          hangedman_abyss_or_decor_passed
D:5:      corexii_shack_village, layout_cave_pools, chei_slow_surprise,
          nicolae_stop_n_shop_2, uniq_pikel
D:6:      layout_cave_pools, nicolae_uskayaw_en_pointe, temple_green,
          hangedman_decor_points, minmay_misc_feat_tiny
D:7:      gammafunk_cloud_chamber, layout_rooms, mainiacjoe_overflow_24_doors,
          old_standard_altar, dk_vineyard_1
D:8:      layout_basic, mainiacjoe_overflow_catwalk,
          mainiacjoe_overflow_big_doors, serial_shops,
          nicolae_shop_advertising_works [nicolae_subvault_shop_adworks],
          grunt_decor_fettered, dreamdust_gnoll_shepherd
D:9:      layout_irregular_city, minmay_misc_feat_square
D:10:     layout_loops_ring, overflow_temple_1_default, erik_orc_1,
          enter_bailey_5, uniq_sonja
Temple:   minmay_temple_curvy_branch
Bailey:   bailey_polearm_nasty_gnolls, bailey

Skill      XL: |  1  2  3  4  5  6  7  8  9 10 |
---------------+-------------------------------+-----
Stealth        | 3 4 5 7 10 11 12 | 12.7
Short Blades   | 1 2 3 4 6 |  6.9
Dodging        | 3 4 5 7 9 |  9.0
Spellcasting   | 3 4 6 |  6.1
Summonings     | 5 6 |  6.7
Fighting       | 1 2 3 |  3.6
Air Magic      | |  0.7

Action                   |  1- 3 |  4- 6 |  7- 9 | 10-12 || total
-------------------------+-------+-------+-------+-------++-------
Melee: Unarmed           |    47 |       |       |       ||    47
       Dagger            |    12 |   293 |   227 |   211 ||   743
       Punch             |       |     2 |     2 |     3 ||     7
 Cast: Summon Small Mamm |    13 |       |       |       ||    13
       Call Imp          |     4 |     4 |    10 |     8 ||    26
       Call Canine Famil |     1 |     4 |    17 |    19 ||    41
       Summon Lightning  |       |       |       |     6 ||     6
  Use: Scroll            |     2 |     2 |     7 |     1 ||    12
       Potion            |       |       |     2 |     5 ||     7
 Stab: Sleeping          |     4 |    24 |    24 |     4 ||    56
       Distracted        |       |       |     4 |     4 ||     8
       Betrayed ally     |       |       |     1 |       ||     1
Armor: Robe              |    11 |    51 |    22 |    44 ||   128
       Skin              |       |       |       |     7 ||     7
Dodge: Dodged            |    54 |   220 |   153 |   198 ||   625

Table legend: (Time is in decaauts)
 A = Elapsed time spent in this place.
 B = Non-inter-level travel time spent in this place.
 C = Inter-level travel time spent in this place.
 D = Time resting spent in this place.
 E = Time spent auto-exploring this place.
 F = Levels seen in this place.
 G = Mean time per level.
                   A        B        C        D        E       F      G
               +--------+--------+--------+--------+--------+-----+--------+
         Total |   9261 |   8657 |    604 |    755 |   6012 |  12 |  771.8 |
       Dungeon |   8938 |   8377 |    561 |    755 |   5736 |  10 |  893.8 |
        Temple |    322 |    279 |     43 |      0 |    276 |   1 |  322.0 |
        Bailey |      0 |      0 |      0 |      0 |      0 |   1 |    0.0 |
               +--------+--------+--------+--------+--------+-----+--------+

Top non-repeatable levels by time:
     D:4: 1431 daAuts
     D:2: 1166 daAuts
     D:9: 1094 daAuts
     D:8: 999 daAuts
     D:1: 942 daAuts
     D:7: 882 daAuts
     D:5: 855 daAuts
     D:3: 785 daAuts
     D:6: 758 daAuts
  Temple: 322 daAuts
    D:10: 23 daAuts
